Map: Blackpink LE

Players

Namshar

  • Race: Zerg Zerg
  • Spawn Location: 1:00

Kelazhur - Winner!

  • Race: Terran Terran
  • Spawn Location: 7:00

Event: IEM Season 12 - Katowice

VOD

Have the link to the VOD?

Description

Time

  • Played on: Feb. 27, 2018, 5:03 a.m.
  • Length: 11:14

All games in this series

Show
View Real Time Build Order
Export as new Build Order

Namshar Zerg 

Build Orders: Hatch First 

Get SALT Encoding   

  12  0:00  Drone  
  13  0:12  Overlord  
  13  0:17  Drone  
  14  0:30  Drone  
  14  0:31  Drone  
  14  0:34  Drone  
  17  0:51  Hatchery  
  17  0:53  Drone  
  18  0:57  Drone  
  18  1:08  Extractor  
  17  1:12  Spawning Pool  
  17  1:15  Drone  
  17  1:18  Drone  
  18  1:28  Drone  
  19  1:38  Drone  
  20  1:49  Overlord  
  20  1:59  Queen  
  22  2:02  Queen  
  22  2:03  Zergling x2  
  22  2:04  Zergling x2  
  26  2:11  Metabolic Boost  
  26  2:12  Drone  
  26  2:14  Drone  
  28  2:21  Drone  
  29  2:24  Drone  
  30  2:34  Queen  
  32  2:41  Queen  
  32  2:42  Overlord  
  32  2:44  Drone  
  35  2:46  Overlord  
  35  2:54  Drone  
  36  3:03  Drone x2  
  38  3:06  Drone  
  38  3:20  Queen  
  38  3:22  Drone x3  
  38  3:23  Drone  
  44  3:31  Roach Warren, Hatchery  
  44  3:32  Drone x2  
  44  3:38  Overlord  
  44  3:41  Drone x2  
  46  3:53  Drone, Overlord  
  46  3:55  Drone, Overlord  
  48  3:56  Overlord  
  48  4:08  Extractor  
  47  4:11  Zergling x8  
  47  4:17  Roach  
  53  4:23  Roach  
  55  4:29  Roach  
  55  4:30  Roach x3  
  61  4:35  Roach x2, Zergling x2  
  60  4:46  Queen  
  60  4:48  Roach x2  
  54  5:00  Queen x2  
  54  5:03  Drone x3, Spore Crawler  
  54  5:04  Spore Crawler  
  54  5:05  Drone x2  
  61  5:08  Roach  
  62  5:16  Drone x2  
  62  5:17  Drone  
  62  5:18  Drone x2  
  66  5:22  Spore Crawler  
  65  5:30  Drone  
  65  5:31  Drone  
  67  5:37  Queen  
  69  5:43  Drone x5  
  69  5:46  Overlord  
  69  5:48  Drone x2, Lair  
  72  6:07  Drone x2  
  72  6:08  Drone x6  
  76  6:16  Drone x3  
  78  6:21  Drone  
  78  6:22  Drone x4  
  83  6:27  Evolution Chamber  
  83  6:30  Evolution Chamber  
  81  6:34  Drone x2  
  81  6:39  Drone  
  85  6:40  Drone x2  
  85  6:46  Overseer  
  86  6:47  Glial Reconstitution  
  86  6:49  Queen  
  86  6:51  Overlord  
  86  6:52  Overlord x2  
  86  6:54  Extractor  
  87  6:56  Infestation Pit  
  87  6:58  Drone  
  87  6:59  Drone, Extractor  
  87  7:00  Drone x3, Extractor  
  90  7:01  Drone  
  90  7:04  Overlord  
  90  7:14  Drone  
  90  7:15  Drone x2  
  92  7:18  Drone  
  92  7:19  Drone x2, Extractor  
  92  7:20  Drone  
  96  7:25  Overseer  
  96  7:28  Zerg Missile Weapons Level 1, Zerg Ground Armor Level 1  
  96  7:30  Hatchery  
  96  7:32  Drone  
  96  7:35  Overlord  
  96  7:38  Hydralisk Den  
  96  7:42  Roach x3  
  96  7:43  Overlord  
  101  7:47  Roach x3  
  107  7:53  Roach  
  107  7:54  Overlord x2  
  109  8:01  Roach x3  
  109  8:02  Roach x2  
  109  8:04  Roach x2  
  123  8:12  Overlord  
  121  8:14  Grooved Spines  
  121  8:16  Drone  
  121  8:17  Drone x7  
  129  8:20  Drone x2  
  129  8:24  Drone  
  129  8:25  Drone x2  
  132  8:35  Ravager x3  
  132  8:38  Hive  
  132  8:39  Roach x3  
  141  8:43  Extractor  
  141  8:45  Extractor  
  128  9:03  Drone x2  
  128  9:04  Drone x2, Queen  
  131  9:16  Drone x2  
  133  9:24  Overlord x5  
  133  9:27  Drone  
  131  9:32  Drone x7  
  131  9:37  Hatchery  
  117  9:52  Drone x3  
  120  9:53  Drone x2  
  120  9:55  Overlord  
  120  9:56  Hydralisk x8  
  138  10:02  Hydralisk  
  138  10:03  Hydralisk x3  
  138  10:06  Ravager  
  147  10:07  Ravager x2  
  147  10:17  Ravager, Hydralisk x3  
  154  10:25  Hydralisk x3  
  157  10:35  Hydralisk x4  
  162  10:46  Roach, Hydralisk  
  162  10:47  Roach x5  
Show
View Real Time Build Order
Export as new Build Order

Kelazhur Terran - Winner!

Build Orders: Gas First Reaper Expand, Reaper Expand, Hellion Banshee, Mech 

Get SALT Encoding   

  12  0:00  SCV  
  13  0:13  SCV  
  14  0:17  Supply Depot  
  14  0:25  SCV  
  14  0:28  Refinery  
  15  0:39  SCV  
  16  0:44  Barracks  
  16  0:51  SCV  
  17  1:03  SCV  
  18  1:15  SCV  
  19  1:30  Orbital Command  
  19  1:31  Reaper  
  20  1:41  Command Center  
  20  1:51  Factory  
  20  1:56  SCV  
  21  2:05  Barracks Reactor  
  21  2:08  SCV  
  22  2:10  Refinery  
  22  2:12  Supply Depot  
  22  2:20  SCV  
  23  2:34  SCV  
  24  2:40  Starport  
  24  2:46  Hellion x2, SCV  
  29  2:51  Marine  
  29  2:53  Orbital Command  
  30  3:07  Hellion x2  
  34  3:19  Medivac, Armory  
  36  3:20  Marine  
  37  3:30  Hellion x2  
  41  3:37  Marine  
  42  3:50  Supply Depot  
  42  3:55  Starport Tech Lab  
  42  3:56  Hellion x2  
  46  4:08  Supply Depot  
  46  4:12  SCV x2, Marine  
  49  4:18  Cloaking Field, Banshee  
  52  4:24  SCV x2  
  52  4:30  Hellion x2  
  58  4:35  Supply Depot  
  58  4:36  SCV x2  
  58  4:40  Supply Depot  
  51  4:48  SCV x2  
  51  4:51  Hellion x2  
  51  5:00  SCV x2, Banshee  
  54  5:12  SCV x2  
  56  5:19  Command Center  
  56  5:25  SCV  
  56  5:26  SCV  
  58  5:29  Terran Vehicle Weapons Level 1  
  58  5:31  Supply Depot  
  58  5:35  Barracks Tech Lab  
  58  5:37  SCV, Factory  
  58  5:38  Factory  
  58  5:42  SCV  
  60  5:43  Banshee  
  60  5:49  SCV  
  64  5:50  Refinery  
  64  5:51  Refinery  
  64  5:53  Supply Depot  
  64  5:55  Hellion  
  63  6:00  SCV  
  64  6:08  SCV  
  64  6:09  Hellion  
  63  6:16  Hellion  
  63  6:17  Supply Depot  
  61  6:19  SCV  
  61  6:23  SCV  
  63  6:27  Supply Depot  
  65  6:38  Cyclone, Orbital Command  
  72  6:41  Starport Reactor, SCV  
  72  6:42  SCV  
  71  6:47  Thor x2  
  71  6:49  Hellion  
  71  6:51  Supply Depot  
  82  6:54  SCV  
  82  6:55  Engineering Bay  
  82  6:56  SCV  
  84  7:04  Orbital Command  
  84  7:06  SCV  
  85  7:08  SCV  
  85  7:13  Hellion x2  
  85  7:15  Refinery  
  90  7:16  Refinery  
  90  7:19  SCV  
  90  7:20  Supply Depot, Medivac x2  
  90  7:21  SCV  
  96  7:24  Terran Vehicle Weapons Level 2  
  97  7:30  SCV  
  97  7:31  SCV  
  97  7:35  Siege Tank  
  105  7:37  Hellion x2  
  105  7:38  SCV  
  105  7:42  SCV  
  105  7:43  SCV  
  108  7:47  Supply Depot  
  108  7:50  SCV  
  109  7:52  Siege Tank  
  109  7:54  SCV  
  109  7:55  SCV  
  114  8:02  SCV  
  114  8:03  Supply Depot  
  114  8:04  Hellion x2  
  114  8:05  Viking  
  121  8:06  SCV  
  121  8:08  Siege Tank  
  121  8:12  Factory  
  125  8:15  Factory  
  125  8:16  SCV  
  125  8:17  Missile Turret, SCV  
  125  8:18  SCV  
  128  8:22  Supply Depot, Viking  
  130  8:33  SCV  
  133  8:34  Siege Tank  
  133  8:40  Hellion x2, Siege Tank  
  140  8:43  Supply Depot  
  140  8:44  SCV  
  140  8:46  Armory  
  140  8:50  Hellion x8  
  140  8:55  Viking x2  
  144  8:57  Supply Depot  
  144  9:02  Supply Depot  
  144  9:06  Siege Tank  
  147  9:17  Siege Tank  
  147  9:21  Factory Tech Lab, Factory Reactor  
  150  9:25  Hellion x2  
  154  9:31  Viking x2  
  154  9:33  Infernal Pre-Igniter  
  158  9:41  Siege Tank  
  145  9:58  Hellion x2  
  145  9:59  Hellion x2  
  153  10:02  Siege Tank  
  153  10:04  Viking  
  156  10:10  Supply Depot  
  156  10:13  Siege Tank  
  159  10:24  Viking  
  159  10:25  Command Center  
  156  10:29  Siege Tank  
  156  10:31  Hellion x4  
  156  10:34  Viking  
  169  10:41  Missile Turret x2  
  171  10:52  Hellion  

Tags
 
Add a new tag
Caveats
  • Supply blocks, unpowered buildings, or Contaminate may cause inaccurate times.
  • Supply counts are checked every 10 seconds.